cohdb
Replays
Latest Replays
All Replays
Popular Replays
Top Player Replays
Match Explorer
How It Works
Community
CoH3 Stats
Reddit
Sign in to upload your games and track your stats! →
Sign in with Steam
Match 43760509
Unlisted
Match 43760509
Overview
Messages
Build Orders
End
Construct Infanterie Kompanie
Pioneer Squad
Selects Terror Battlegroup
Selects Machine Gun Camouflage
MG 42 Machine Gun Team
MG 42 Machine Gun Team
GrW 34 Mortar Team
Grenadier Squad
Construct Luftwaffe Kompanie
221 Scout Car
Jäger Squad
Sniper
AI Takeover
Gwangju's Hero Chun Doo-gwang
freedman1984
Seven
mi prima de Cifuentes
Luckyman55
Patton
粉色上瘾
许聪聪
0
0
Comments
sign in to comment!
No comments posted yet!